 Dungeon Crawl Stone Soup version 0.30-a0-1043-g60ff8d5f49 (webtiles) character file.

Game seed: 2119919431503201060

1164 jimonade the Sneak (level 8, -3/50 HPs)
             Began as an Octopode Transmuter on Apr 10, 2023.
             Engulfed by a steam dragon's steam (12 damage)
             ... on level 6 of the Dungeon.
             The game lasted 00:13:04 (5624 turns).

jimonade the Sneak (Octopode Transmuter)            Turns: 5624, Time: 00:13:05

Health: -3/50      AC:  9    Str: 12    XL:     8   Next: 40%
Magic:  13/14      EV: 14    Int: 15    God:
Gold:   353        SH:  0    Dex: 18    Spells: 12/16 levels left

rFire   x x .      SeeInvis .      - Unarmed
rCold   x x .      Faith    .    (no shield)
rNeg    . . .      Spirit   .    (helmet currently unavailable)
rPois   +          Reflect  .    q - amulet of Elemental Vulnerability {rPois rF-- rC-- AC+8}
rElec   .          Rampage  .    f - +6 ring of dexterity
rCorr   .                        w - ring of wizardry
Will    .....                    (no ring)
Stlth   ++++                     (no ring)
HPRegen 0.28/turn                (no ring)
MPRegen 0.14/turn                (no ring)
                                 (no ring)
                                 (no ring)

@: appendages
A: tentacle spike 3, almost no armour, amphibious, 8 rings, camouflage 1,
gelatinous body 1, (nimble swimmer 1), tentacles
a: End Transformation


You were on level 6 of the Dungeon.
One of your tentacles had grown a beastly spike.
You visited 1 branch of the dungeon, and saw 6 of its levels.
You also visited: Sewer.

You collected 353 gold pieces.

Inventory:

Hand Weapons
 b - a +2 short sword of venom
 i - a +0 sling
 n - a +0 longbow
 z - a +0 spear
 C - a +2 dagger of holy wrath
 E - a +3 dagger of flaming
Missiles
 c - 81 stones
Jewellery
 f - a +6 ring of dexterity (left tentacle)
 o - an amulet of guardian spirit
 q - the amulet of Elemental Vulnerability (around mantle) {rPois rF-- rC-- AC+8}
   (You found it on level 3 of the Dungeon)

   [amulet of nothing]

   AC:        It affects your AC (+8).
   rF:        It makes you very vulnerable to fire.
   rC:        It makes you very vulnerable to cold.
   rPois:     It protects you from poison.
 w - a ring of wizardry (right tentacle)
Wands
 j - a wand of flame (9)
Scrolls
 e - a scroll of blinking
 h - 2 scrolls of fear
 k - 3 scrolls of vulnerability
 l - a scroll of summoning {unknown}
 u - a scroll of poison
 v - a scroll of immolation {unknown}
 y - a scroll of brand weapon {unknown}
 A - a scroll of enchant weapon {unknown}
 D - a scroll of fog {unknown}
 F - a scroll of teleportation
Potions
 a - a potion of haste {unknown}
 d - 2 potions of curing
 g - 5 potions of heal wounds
 m - 2 potions of mutation {unknown}
 p - a potion of berserk rage {unknown}
 r - a potion of cancellation {unknown}
 s - 4 potions of resistance {unknown}
 t - a potion of attraction {unknown}
 x - 2 potions of might
 B - 2 potions of lignification
 G - 2 potions of invisibility {unknown}
 H - a potion of magic {unknown}


   Skills:
 + Level 2.2 Fighting
 + Level 3.3 Dodging
 + Level 6.2 Stealth
 + Level 4.6 Unarmed Combat
 + Level 4.5 Spellcasting
 * Level 5.5 Transmutations


You had 12 spell levels left.
You knew the following spells:

 Your Spells              Type           Power      Damage    Failure   Level
a - Beastly Appendage     Tmut           40%        N/A       1%          1
b - Spider Form           Tmut/Pois      11%        N/A       6%          3

Your spell library contained the following spells:

 Spells                   Type           Power      Damage    Failure   Level
 Wereblood                Tmut           20%        N/A       1%          2
 Ice Form                 Ice/Tmut       11%        N/A       21%         4


Dungeon Overview and Level Annotations

Branches:
Dungeon (6/15)             Temple (0/1) D:4           Sewer (visited)

Altars:
Fedhas
Qazlal

Shops:
D:1 [

Annotations:
D:2 exclusion: dart slug, Terence


Innate Abilities, Weirdness & Mutations

One of your tentacles has grown a beastly spike.
You cannot wear most types of armour.
You are amphibious.
You can wear up to eight rings at the same time.
Your skin changes colour to match your surroundings (Stealth+).
Your rubbery body absorbs attacks. (AC +1, EV +1)
((You are camouflaged when in or above water. (Stealth+)))
You have tentacles for arms and can constrict up to eight enemies at once.


Message History

Your transformation is almost over.
m - 2 brown potions (gained 1)
Your tentacle spike disappears.
You now have 353 gold pieces (gained 10).
g - 5 potions of heal wounds (gained 1)
There is a stone staircase leading up here.
Found a short sword.
Found 10 gold pieces.
A steam dragon comes into view.
The steam dragon hisses angrily.
You see here a +0 short sword.
The steam dragon bites you.
The steam dragon claws you but does no damage.
You see here 10 gold pieces.
One of your tentacles grows a vicious spike.
The steam dragon closely misses you. The steam dragon barely misses you.
You bludgeon the steam dragon!
Your tentacle spike misses the steam dragon.
The steam dragon is moderately wounded.
The steam dragon breathes steam at you. The ball of steam hits you!!
The steam scalds you terribly!
Ouch! That really hurt!
You are too injured to fight recklessly!
You are too injured to fight recklessly!
You are too injured to fight recklessly!
You closely miss the steam dragon.
You pierce the steam dragon.
The steam dragon is moderately wounded.
You are engulfed in a cloud of scalding steam.
The steam dragon attacks as you move away!
The steam dragon bites you but does no damage.
The steam dragon claws you.
You are engulfed in a cloud of scalding steam.
* * * LOW HITPOINT WARNING * * *
You see here a +0 short sword.
You tentacle-slap the steam dragon but do no damage.
Your tentacle spike misses the steam dragon.
Your squeeze misses the steam dragon.
The steam dragon is moderately wounded.
You are engulfed in a cloud of scalding steam.
You die...

*,##************,***,*
#,#.,,,,,,,,,,**,***,*
#.#.****,,,,.,**,**,,*
*.#.###*,,,..,,,,,,,**
*,....#*,,...,,,,*,,**
**#.#.#*,....,,*,,,,,,
#.#.##.....,,***,,**
#§D........,,***,,*
###@########,,,,,,##
#........#*****,..
########.########.
#.#........
#.#........
#.#<.####..
#..........
###..####.# #..#**#.#


You could see a steam dragon.

Vanquished Creatures
  An ice beast (D:5)
  A black bear (D:5)
  An ogre (D:6)
  Blork the orc (D:5)
  A bullfrog (D:6)
  3 scorpions (D:5)
  2 orc priests (D:5)
  3 hounds
  A jelly (D:5)
  Ijyb (D:4)
  2 iguanas (D:5)
  3 orc wizards
  A hell rat (Sewer)
  8 adders
  4 river rats
  A white imp (D:5)
  5 worms
  A dart slug (D:4)
  15 orcs
  5 endoplasms
  A giant cockroach (D:1)
  15 goblins
  10 hobgoblins
  7 jackals
  4 quokkas
  7 ball pythons
  5 bats
  6 kobolds
  14 rats
129 creatures vanquished.

Notes
Turn   | Place    | Note
-------+----------+-------------------------------------------
     0 | D:1      | jimonade the Octopode Transmuter began the quest for the
                  | Orb.
     0 | D:1      | Reached XP level 1. HP: 13/13 MP: 3/3
   196 | D:1      | Reached XP level 2. HP: 18/18 MP: 3/5
   580 | D:1      | Found Putzy's Armour Shoppe.
   620 | D:1      | Found a faded altar of an unknown god.
   863 | D:2      | Reached XP level 3. HP: 23/23 MP: 4/6
  1245 | D:2      | Noticed Terence
  1584 | D:2      | Reached skill level 1 in Stealth
  1584 | D:2      | Reached XP level 4. HP: 27/28 MP: 7/7
  2097 | D:3      | Found the amulet of Elemental Vulnerability {rPois rF--
                  | rC-- AC+8}
  2328 | D:3      | Reached skill level 2 in Stealth
  2336 | D:3      | Reached XP level 5. HP: 22/33 MP: 7/9
  2438 | D:3      | Found a blossoming altar of Fedhas.
  2901 | D:4      | Reached skill level 3 in Stealth
  3243 | D:4      | Found a stormy altar of Qazlal.
  3466 | D:4      | Reached XP level 6. HP: 38/39 MP: 8/10
  3560 | D:4      | Noticed Ijyb
  3582 | D:4      | Killed Ijyb
  3729 | D:4      | Found a staircase to the Ecumenical Temple.
  3922 | D:5      | Entered Level 5 of the Dungeon
  4252 | D:5      | Reached XP level 7. HP: 44/44 MP: 12/12
  4329 | D:5      | Reached skill level 4 in Stealth
  4743 | D:5      | Noticed Blork the orc
  4754 | D:5      | Killed Blork the orc
  4796 | D:5      | Reached skill level 5 in Stealth
  4796 | D:5      | Reached skill level 5 in Transmutations
  4796 | D:5      | Reached XP level 8. HP: 33/50 MP: 12/14
  5252 | D:6      | Found a glowing drain.
  5258 | Sewer    | Entered a sewer
  5323 | Sewer    | Reached skill level 6 in Stealth
  5539 | D:6      | Learned a level 3 spell: Spider Form
  5624 | D:6      | Engulfed by a steam dragon's steam

Illustrated notes

Levels and vault maps discovered:
D:1:      minmay_arrival_plants_in_alcoves, layout_basic,
          basic_ecumenical_altar, serial_shops, shop_statue
D:2:      layout_loops_ring, uniq_terence
D:3:      layout_loops_ring, mainiacjoe_overflow_alcove_2, glass_columns_b
D:4:      kennysheep_goblin_castle, layout_basic, grunt_qazlal_sundering,
          minmay_temple_entry_poolview
D:5:      layout_cave_pods, minmay_door_square, uniq_blork_the_orc
D:6:      layout_loops_cross, gup_sewer_entry_bowl

Skill      XL: |  1  2  3  4  5  6  7  8 |
---------------+-------------------------+-----
Stealth        | 1 2 3 5 6 |  6.2
Unarmed Combat | 4 |  4.6
Spellcasting   | 3 4 |  4.5
Transmutations | 3 5 |  5.5
Dodging        | 3 |  3.3
Fighting       | 2 |  2.2

Action                     |  1- 3 |  4- 6 |  7- 9 || total
---------------------------+-------+-------+-------++-------
  Melee: Unarmed           |    73 |    84 |     3 ||   160
         Constrict         |    23 |    35 |    17 ||    75
         Tentacles         |    16 |    16 |    20 ||    52
         Kick              |    17 |    30 |    28 ||    75
         Punch             |     1 |     4 |     6 ||    11
         Short sword       |       |    32 |    76 ||   108
   Cast: Beastly Appendage |    19 |    28 |    17 ||    64
    Use: Scroll            |       |       |     9 ||     9
   Stab: Sleeping          |     6 |    10 |    13 ||    29
 Armour: Skin              |     3 |    29 |    19 ||    51
  Dodge: Dodged            |    32 |    73 |    37 ||   142

Table legend: (Time is in decaauts)
 A = Elapsed time spent in this place.
 B = Non-inter-level travel time spent in this place.
 C = Inter-level travel time spent in this place.
 D = Time resting spent in this place.
 E = Time spent auto-exploring this place.
 F = Levels seen in this place.
 G = Mean time per level.
                   A        B        C        D        E       F      G
               +--------+--------+--------+--------+--------+-----+--------+
         Total |   5606 |   5466 |    140 |    219 |   3835 |   7 |  800.9 |
       Dungeon |   5518 |   5378 |    140 |    219 |   3819 |   6 |  919.7 |
         Sewer |     87 |     87 |      0 |      0 |     16 |   1 |   87.0 |
               +--------+--------+--------+--------+--------+-----+--------+

Top non-repeatable levels by time:
     D:5: 1180 daAuts
     D:2: 1157 daAuts
     D:4: 1147 daAuts
     D:3: 851 daAuts
     D:1: 750 daAuts
     D:6: 431 daAuts
   Sewer: 87 daAuts
